 Dungeon Crawl Stone Soup version 0.27.0-1-g7a089689b8 (webtiles) character file.

Game seed: 123668407326302328

1138 Lochraine the Skirmisher (level 8, -6/62 HPs)
             Began as a Djinni Fire Elementalist on Aug 6, 2021.
             Mangled by an orc warrior (19 damage)
             ... on level 6 of the Dungeon.
             The game lasted 00:17:04 (6779 turns).

Lochraine the Skirmisher (Djinni Fire Elementalist) Turns: 6779, Time: 00:17:05

Health: -6/62      AC:  4    Str:  7    XL:     8   Next: 63%
Gold:   237        EV: 12    Int: 18    God:
                   SH:  0    Dex: 15

rFire    + + .     SeeInvis .   d - staff of cold
rCold    . . .     Faith    .   (no shield)
rNeg     . . .     Spirit   .   a - +0 robe
rPois    ∞         Reflect  .   o - +1 helmet
rElec    .         Harm     .   (no cloak)
rCorr    .         Rampage  .   (no gloves)
Will     .....                  (boots unavailable)
Stlth    ++........             (no amulet)
HPRegen  0.20/turn              (no ring)
MPRegen  0.00/turn              (no ring)

@: flying
A: sickness immunity, fire resistance 2, cold vulnerability 1, float, innate
caster, hp casting, extra vitality 1
a: no special abilities


You were on level 6 of the Dungeon.
You visited 1 branch of the dungeon, and saw 6 of its levels.

You collected 237 gold pieces.

Inventory:

Missiles
 f - a throwing net
Armour
 a - a +0 robe (worn)
 o - a +1 helmet (worn)
Magical Staves
 d - a staff of cold (weapon)
Wands
 b - a wand of flame (11)
 m - a wand of digging (6)
Scrolls
 c - a scroll of amnesia {unknown}
 g - a scroll of holy word {unknown}
 j - 2 scrolls of enchant weapon {unknown}
 k - 4 scrolls of identify {unknown}
 p - 2 scrolls of fog {unknown}
 q - a scroll of noise {unknown}
Potions
 e - 2 potions of resistance {unknown}
 h - a potion of degeneration {unknown}
 i - a potion of flight
 l - 4 potions of brilliance {unknown}
 n - a potion of curing
 r - a potion of attraction {unknown}
 s - a potion of lignification {unknown}


   Skills:
 + Level 6.6 Fighting
 + Level 2.2 Dodging
 - Level 2.1 Stealth
 + Level 5.6 Spellcasting


You couldn't memorise any spells.
You knew the following spells:

 Your Spells              Type           Power      Damage    Failure   Level
a - Foxfire               Conj/Fire      100%       2x1d9     1%          1
b - Conjure Flame         Conj/Fire      25%        6-21      3%          3
c - Inner Flame           Hex/Fire       25%        N/A       3%          3
d - Sticky Flame          Conj/Fire      25%        2d5       12%         4
e - Fireball              Conj/Fire      12%        3d7       32%         5
f - Corona                Hex            27%        N/A       1%          1
g - Searing Ray           Conj           50%        3d5       1%          2
h - Call Canine Familiar  Summ           25%        N/A       3%          3
Your spell library was empty.

Dungeon Overview and Level Annotations

Branches:
Dungeon (6/15)
 Temple: D:4-7

Altars:
Hepliaklqana

Shops:
D:2 =

Annotations:
D:1 exclusion: gnoll


Innate Abilities, Weirdness & Mutations

You are immune to sickness and miasma.
You are immune to poison.
Your flesh is very heat resistant. (rF++)
You are vulnerable to cold. (rC-)
You float through the air rather than walking.
You learn spells naturally, not from books.
Your magical power is your life essence.
You have superior vitality. (+4 HP)


Message History

The orc warrior barely misses you.
The foxfire hits the orc wizard but does no damage.
The orc wizard is heavily wounded.
The orc warrior barely misses you. The orc barely misses you.
The orc wizard hits you but does no damage.
The white imp sputters.
The orc wizard casts a spell at you. The puff of flame misses you.
The orc wizard points at you and mumbles some strange words.
The puff of flame hits you. You resist.
There is an open door here.
Casting: Foxfire (safe; 1% risk of failure)
Confirm with . or Enter, or press ? or * to list all spells.
The fire begins to smoulder!
The orc warrior smothers the flame.
There is an open door here.
Casting: Conjure Flame (dangerous; 3% risk of failure)
Confirm with . or Enter, or press ? or * to list all spells.
The fire begins to smoulder!
The orc warrior hits you with a +0 mace.
The orc warrior smothers the flame.
There is an open door here.
Casting: Conjure Flame (dangerous; 3% risk of failure)
Confirm with . or Enter, or press ? or * to list all spells.
The fire begins to smoulder!
The orc warrior misses you.
The orc warrior hits you with a +0 mace!
You smother the flame.
Casting: Conjure Flame (dangerous; 3% risk of failure)
Confirm with . or Enter, or press ? or * to list all spells.
The fire begins to smoulder!
The orc warrior hits you with a +0 mace!
The orc warrior smothers the flame.
The white imp shouts, "Slither hence, thou weedy miscreant lewdster!"
The white imp gestures at you. The puff of frost hits you!
* * * LOW HITPOINT WARNING * * *
There is an open door here.
There is an escape hatch in the ceiling here.
The orc warrior hits you with a +0 mace!!
You die...

........###'##.........
.........#...#..........
.........'...#..........
.........#...#......####
.........#...##.....#
.........##'###.....#
.........'5..####'###
........o#....o.o...#
.......@.#...##.....# .
##########...########..
#....#.........
#....'....(....
#....#.<.....#
#....#.......#
#....#.......#
######.......# #########


You could see an orc warrior and a white imp.

Vanquished Creatures
  Sigmund (D:3)
  A water moccasin (D:5)
  2 ogres (D:5)
  A bullfrog (D:4)
  A scorpion (D:4)
  6 killer bees (D:5)
  A centaur zombie (D:4)
  A bullfrog skeleton (D:5)
  An orc wizard (D:5)
  Ijyb (D:3)
  2 hound skeletons (D:4)
  3 gnolls (D:5)
  5 adders
  A shadow imp (D:4)
  2 dart slugs
  7 orcs
  3 endoplasms
  4 giant cockroaches
  6 goblins
  2 hobgoblins
  11 jackals
  3 kobolds
  2 quokkas
  A ball python (D:4)
  2 bats (D:1)
  A jackal skeleton (D:4)
  7 rats
  A spectral orc (D:5)
79 creatures vanquished.

Vanquished Creatures (collateral kills)
  A centaur (D:5)
1 creature vanquished.

Vanquished Creatures (others)
  287 foxfires
287 creatures vanquished.

Grand Total: 367 creatures vanquished

Notes
Turn   | Place    | Note
-------+----------+-------------------------------------------
     0 | D:1      | Lochraine the Djinni Fire Elementalist began the quest for
                  | the Orb.
     0 | D:1      | Reached XP level 1. HP: 15/15 MP: 0/0
     8 | D:1      | Noticed a merfolk zombie
   158 | D:1      | Reached XP level 2. HP: 14/22 MP: 0/0
   538 | D:1      | Reached skill level 1 in Fighting
  1431 | D:2      | Reached XP level 3. HP: 26/27 MP: 0/0
  1431 | D:2      | Learned a level 1 spell: Corona
  1616 | D:2      | Found Saorolug's Jewellery Boutique.
  1849 | D:2      | Found a faded altar of an unknown god.
  2175 | D:3      | Reached XP level 4. HP: 32/33 MP: 0/0
  2200 | D:3      | Noticed Sigmund
  2274 | D:3      | Noticed Ijyb
  2298 | D:3      | Killed Ijyb
  2299 | D:3      | Reached skill level 2 in Fighting
  3123 | D:3      | Killed Sigmund
  3124 | D:3      | Reached skill level 3 in Fighting
  3124 | D:3      | Reached XP level 5. HP: 21/41 MP: 0/0
  3124 | D:3      | Learned a level 2 spell: Searing Ray
  3124 | D:3      | Reached XP level 6. HP: 24/47 MP: 0/0
  3524 | D:4      | Reached skill level 4 in Fighting
  3692 | D:4      | Reached XP level 7. HP: 36/53 MP: 0/0
  3692 | D:4      | Learned a level 3 spell: Call Canine Familiar
  4511 | D:5      | Entered Level 5 of the Dungeon
  5112 | D:5      | Reached skill level 5 in Fighting
  5405 | D:5      | Noticed a water moccasin
  5467 | D:5      | Killed a water moccasin
  5468 | D:5      | Reached skill level 5 in Spellcasting
  5468 | D:5      | Reached XP level 8. HP: 30/60 MP: 0/0
  5818 | D:5      | Reached skill level 6 in Fighting
  6481 | D:5      | Found a hazy altar of Hepliaklqana.
  6779 | D:6      | Mangled by an orc warrior

Illustrated notes

Levels and vault maps discovered:
D:1:      shiori_arrival_whats_in_store_for_you, layout_loops_ring,
          chequers_serial_rivers_room_b
D:2:      layout_rooms, hellmonk_ecumenical_altar_blasted, serial_shops,
          shop_coins, minmay_pentomino_w2
D:3:      layout_basic, mainiacjoe_overflow_alcove_2, uniq_ijyb, uniq_sigmund
D:4:      layout_basic
D:5:      layout_rooms, nicolae_hepliaklqana_monster_ancestors,
          minmay_door_square, chequers_mini_garden, corexii_hall_statues_l
D:6:      layout_gridville

Skill      XL: |  1  2  3  4  5  6  7  8 |
---------------+-------------------------+-----
Fighting       | 1 3 4 5 6 |  6.6
Stealth        | 2 |  2.1
Spellcasting   | 3 4 5 |  5.6
Dodging        | |  2.2

Action                   |  1- 3 |  4- 6 |  7- 9 || total
-------------------------+-------+-------+-------++-------
Melee: Unarmed           |    17 |       |       ||    17
       Staff             |     3 |       |    30 ||    33
Throw: Throwing net      |       |     1 |       ||     1
 Cast: Foxfire           |    55 |    50 |    62 ||   167
       Searing Ray       |       |     3 |     5 ||     8
       Conjure Flame     |       |     1 |     5 ||     6
       Call Canine Famil |       |       |     6 ||     6
  Use: Potion            |       |     4 |       ||     4
 Stab: Sleeping          |     1 |       |       ||     1
Armor: Robe              |    10 |     9 |    21 ||    40
Dodge: Dodged            |    34 |    41 |    71 ||   146
